AoeStats
← Ebrio

Arena

506298513Analyzed
3v3 RM · 20d ago on Sep 13, 2026· 41m 53s· 6 players
Game mode
Random Map
Map size
Normal (6 player)
Population
200
Speed
Normal
Resources
Standard
Victory
Conquest
Starting age
Dark Age
Ending age
Imperial Age
RankedLock teamsTeams togetherTeam positionsShared explorationLock speedFull tech treeHidden civsTurbo modeCheats
Victory
Defeat
🇩🇪 Bohemians · Germany
1027
+11
🇨🇦 Spanish · Canada
958
+14
🇺🇸 Celts · United States
938
+15
🇦🇷 Persians · Argentina
941
-14
🇦🇷 Khmer · Argentina
908
-13
🇨🇦 Hindustanis · Canada
900
-13
Ebrio
0:30 Loom
11:43 Feudal Age
12:52 Double-Bit Axe
12:52 Horse Collar
16:15 Castle Age
16:58 Bow Saw
16:51 Heavy Plow
17:28 Wheelbarrow
28:59 Imperial Age
28:14 Gold Mining
28:17 Stone Mining
29:24 Hand Cart
29:54 Scale Barding Armor
29:59 Forging
30:52 Two-Man Saw
31:06 Crop Rotation
30:07 Cavalier
30:59 Bloodlines
30:54 Husbandry
32:02 Chain Barding Armor
32:17 Iron Casting
33:46 Plate Barding Armor
38:48 Savar
39:31 Kamandaran
39:15 Crossbowman
40:02 Thumb Ring
PNAL | Mark Max 77
11:54 Feudal Age
11:29 Loom
16:18 Castle Age
14:05 Double-Bit Axe
14:02 Horse Collar
16:37 Town Watch
17:27 Wheelbarrow
17:48 Stone Mining
18:10 Bow Saw
18:01 Heavy Plow
24:26 Fletching
25:39 Bodkin Arrow
28:19 Ballistics
28:10 Fortified Wall
28:14 Masonry
28:46 Hand Cart
29:16 Gold Mining
32:14 Imperial Age
30:43 Heated Shot
32:23 Heavy Scorpion
35:11 Bloodlines
35:01 Husbandry
34:27 Cavalier
35:19 Scale Barding Armor
34:59 Light Cavalry
35:52 Forging
36:24 Crossbowman
37:06 Elite Skirmisher
37:50 Padded Archer Armor
Dgor
8:43 Loom
10:33 Feudal Age
11:22 Loom
15:13 Castle Age
13:55 Double-Bit Axe
16:17 Horse Collar
18:11 Fletching
18:29 Gold Mining
19:39 Wheelbarrow
19:23 Padded Archer Armor
27:03 Forging
27:41 Bow Saw
34:39 Imperial Age
33:04 Wheelbarrow
32:15 Town Watch
34:30 Forging
34:21 Scale Mail Armor
35:19 Leather Archer Armor
35:02 Bodkin Arrow
35:29 Shatagni
35:50 Conscription
36:33 Chemistry
35:40 Siege Engineers
36:38 Hoardings
36:28 Conscription
36:38 Fortified Wall
37:30 Heavy Plow
38:33 Two-Man Saw
38:11 Gold Shaft Mining
39:07 Masonry
BAKO
11:14 Feudal Age
15:00 Castle Age
14:42 Horse Collar
15:24 Double-Bit Axe
15:54 Forging
15:45 Scale Mail Armor
17:09 Town Watch
17:12 Loom
22:18 Wheelbarrow
27:05 Heavy Plow
27:21 Bow Saw
27:04 Gold Mining
27:04 Stone Mining
27:15 Fletching
27:25 Padded Archer Armor
32:58 Imperial Age
30:31 Town Patrol
32:21 Hand Cart
35:23 Iron Casting
35:03 Chain Mail Armor
34:53 Scale Barding Armor
34:43 Bodkin Arrow
35:03 Leather Archer Armor
36:34 Stone Shaft Mining
37:02 Two-Man Saw
37:11 Blast Furnace
37:29 Chemistry
36:49 Ballistics
36:40 Careening
37:08 Hoardings
35:58 Pikeman
36:25 Gambesons
36:58 Halberdier
37:39 Squires
39:47 Ring Archer Armor
39:37 Chain Barding Armor
40:44 Dry Dock
40:24 Murder Holes
40:40 Fortified Wall
40:46 Elite Conquistador
41:19 Man-at-Arms
Bifbatz
12:11 Feudal Age
10:28 Loom
12:33 Horse Collar
16:36 Castle Age
15:13 Double-Bit Axe
17:25 Wheelbarrow
17:28 Heavy Plow
18:44 Bow Saw
20:38 Fervor
29:33 Imperial Age
29:15 Chemistry
28:36 Ballistics
28:29 Fortified Wall
28:01 Treadmill Crane
28:49 Town Watch
29:20 Hand Cart
29:15 Murder Holes
29:40 Caravan
30:04 Pikeman
30:30 Arson
30:46 Squires
30:08 Elite Skirmisher
34:38 Wagenburg Tactics
34:45 Forging
34:35 Scale Mail Armor
34:40 Scale Barding Armor
34:26 Fletching
34:36 Padded Archer Armor
36:01 Conscription
35:03 Elite Hussite Wagon
37:36 Iron Casting
37:17 Chain Mail Armor
36:51 Halberdier
39:09 Two-Man Saw
40:55 Blast Furnace
39:51 Bodkin Arrow
40:12 Leather Archer Armor
39:54 Houfnice
40:26 Man-at-Arms
41:38 Plate Mail Armor
41:28 Chain Barding Armor
ancientlasers
4:00 Loom
12:27 Feudal Age
16:54 Castle Age
14:36 Man-at-Arms
15:36 Double-Bit Axe
17:58 Wheelbarrow
30:50 Imperial Age
29:17 Pikeman
30:23 Bow Saw
33:20 Murder Holes
34:50 Conscription
35:53 Long Swordsman
36:25 Two-Handed Swordsman
37:54 Halberdier
38:52 Champion
40:44 Ballistics
41:10 Scale Mail Armor
Connection lost

Rejoining the realm…

Still unreachable

The connection could not be restored.

Session expired

The server has moved on; the page needs a fresh start.